Map: Acropolis LE

Players

LavarsBalls - Winner!

  • Race: Protoss Protoss
  • League: Master
  • Spawn Location: 5:00

A.I. 1 (Very Easy)

  • Race: Zerg Zerg
  • Spawn Location: 11:00

VOD

Have the link to the VOD?

Description

Time

  • Played on: Oct. 13, 2019, 1:55 a.m.
  • Length: 10:34
Show
View Real Time Build Order
Export as new Build Order

LavarsBalls Protoss - Winner!

Build Orders: 1 Gate Expand, Archon Immortal, Archon Drop, Dark Templar Rush 

Get SALT Encoding   

  12  0:01  Probe  
  13  0:13  Probe  
  14  0:20  Pylon  
  14  0:25  Probe  
  15  0:38  Probe (Chrono Boost)  
  15  0:39  Gateway  
  17  0:50  Assimilator, Probe (Chrono Boost)  
  17  0:55  Probe (Chrono Boost)  
  18  1:05  Probe  
  19  1:17  Probe  
  20  1:24  Nexus  
  20  1:37  Cybernetics Core  
  20  1:39  Probe (Chrono Boost)  
  21  1:44  Assimilator  
  21  1:51  Probe (Chrono Boost)  
  21  1:52  Pylon  
  22  2:00  Probe (Chrono Boost)  
  23  2:10  Probe  
  23  2:11  Adept (Chrono Boost)  
  23  2:15  Warp Gate  
  26  2:22  Probe  
  27  2:26  Twilight Council  
  27  2:33  Adept  
  27  2:36  Probe (Chrono Boost)  
  31  2:37  Probe (Chrono Boost)  
  31  2:47  Probe (Chrono Boost)  
  31  2:50  Probe (Chrono Boost)  
  33  2:52  Robotics Facility  
  33  2:54  Probe (Chrono Boost)  
  34  2:59  Probe  
  35  3:06  Probe  
  35  3:11  Probe  
  37  3:14  Dark Shrine  
  37  3:16  Gateway  
  37  3:18  Probe  
  38  3:21  Gateway  
  38  3:26  Gateway  
  38  3:32  Probe  
  39  3:36  Warp Prism (Chrono Boost)  
  41  3:41  Probe  
  41  3:44  Assimilator  
  41  3:46  Assimilator  
  42  3:50  Pylon  
  42  3:55  Pylon  
  43  3:57  Probe (Chrono Boost)  
  43  3:59  Probe (Chrono Boost)  
  44  4:07  Probe (Chrono Boost)  
  46  4:10  Probe (Chrono Boost)  
  46  4:12  Probe (Chrono Boost)  
  47  4:19  Probe  
  47  4:23  Probe  
  49  4:29  Dark Templar  
  49  4:30  Dark Templar x3  
  57  4:32  Probe  
  57  4:35  Probe  
  59  4:44  Probe  
  60  4:55  Archon  
  60  4:56  Archon  
  60  5:00  Nexus  
  60  5:02  Pylon  
  60  5:08  Pylon  
  60  5:11  Pylon  
  60  5:12  Forge  
  60  5:13  Charge  
  60  5:19  Probe x2  
  60  5:20  Immortal (Chrono Boost)  
  66  5:21  Dark Templar  
  66  5:26  Pylon  
  68  5:31  Protoss Ground Weapons Level 1 (Chrono Boost), Probe  
  68  5:32  Probe  
  70  5:36  Dark Templar x2  
  70  5:37  Zealot  
  76  5:43  Probe  
  76  5:44  Probe  
  78  5:54  Immortal (Chrono Boost)  
  78  5:55  Probe  
  78  5:56  Probe  
  80  6:02  Archon  
  80  6:03  Dark Templar  
  86  6:04  Zealot  
  86  6:07  Probe  
  86  6:08  Probe, Pylon  
  90  6:16  Probe  
  90  6:18  Zealot x2, Archon  
  91  6:19  Probe  
  91  6:20  Probe  
  91  6:23  Pylon  
  97  6:29  Gateway  
  97  6:31  Gateway  
  97  6:34  Gateway  
  97  6:39  Gateway  
  97  6:40  Probe  
  97  6:41  Probe x2  
  97  6:46  Dark Templar  
  97  6:47  Dark Templar  
  104  6:49  Immortal (Chrono Boost)  
  108  6:57  Gateway  
  108  6:59  Gateway  
  108  7:07  Sentry x2  
  112  7:09  Archon  
  112  7:12  Pylon  
  112  7:16  Pylon  
  112  7:17  Nexus  
  112  7:19  Pylon  
  112  7:21  Immortal (Chrono Boost)  
  116  7:31  Zealot x4  
  124  7:38  Protoss Ground Weapons Level 2 (Chrono Boost)  
  124  7:40  Zealot x4  
  132  7:46  Probe x2  
  132  7:47  Probe  
  135  7:57  Zealot x4  
  144  7:58  Probe  
  144  8:02  Immortal (Chrono Boost)  
  148  8:08  Pylon  
  148  8:10  Pylon x2  
  148  8:18  Probe  
  149  8:24  Pylon  
  149  8:26  Probe x2  
  151  8:34  Dark Templar x6  
  153  8:35  Zealot  
  153  8:38  Immortal (Chrono Boost), Archon x3  
  169  8:44  Pylon  
  169  8:46  Pylon  
  169  8:47  Probe x3  
  172  9:01  Assimilator  
  172  9:04  Zealot x4  
  172  9:05  Assimilator  
  172  9:07  Gateway  
  172  9:08  Gateway  
  184  9:10  Immortal  
  184  9:23  Zealot x5  
  184  9:24  Zealot x3  
  200  9:59  Nexus  
  200  10:02  Pylon  
  200  10:05  Pylon  
  200  10:07  Assimilator  
  200  10:09  Stargate  
  200  10:11  Stargate  
  200  10:13  Templar Archives  
  200  10:15  Stargate  
  200  10:16  Stargate  
Show
View Real Time Build Order
Export as new Build Order

A.I. 1 (Very Easy) Zerg 

Build Orders: Pool First 

Get SALT Encoding   

  12  0:00  Drone  
  13  0:12  Overlord  
  13  0:16  Drone  
  14  0:34  Spawning Pool  
  13  0:37  Drone  
  13  0:40  Extractor  
  13  0:44  Drone  
  14  0:52  Overlord  
  14  1:21  Zergling x2  
  14  1:22  Queen  
  17  1:30  Roach Warren  
  16  1:33  Drone  
  16  1:37  Extractor  
  16  1:40  Zergling x2  
  16  1:41  Drone  
  18  1:55  Drone  
  18  1:58  Zergling x2  
  20  2:05  Drone  
  21  2:16  Drone  
  22  2:27  Drone  
  22  2:28  Overlord  
  23  2:34  Drone  
  24  2:41  Drone  
  25  5:51  Drone, Lair  
  26  5:58  Drone  
  27  6:06  Drone  
  27  6:10  Zergling x2  
  28  6:13  Drone  
  28  6:14  Overlord  
  29  6:20  Drone  
  25  6:34  Zergling x2  
  25  6:35  Drone  
  23  6:41  Overlord  
  23  6:42  Drone  
  21  6:48  Queen  
  21  6:50  Overseer  
  21  6:51  Drone, Spire, Overseer  
  23  6:58  Drone  
  23  6:59  Zergling x2  
  25  7:05  Drone  
  26  7:12  Drone  
  27  7:23  Zergling x2  
  27  7:27  Drone, Hatchery  
  28  8:05  Mutalisk  
  30  8:39  Drone  
  31  8:46  Drone  
  32  8:49  Extractor  
  32  8:53  Drone, Extractor  
  31  9:01  Drone  
  32  9:08  Drone  
  33  9:15  Drone  
  34  9:22  Drone  
  35  9:30  Drone  
  36  9:37  Drone  
  37  9:44  Drone  
  38  9:50  Zergling x2  
  38  9:51  Overseer, Overlord, Drone  
  40  9:59  Drone  
  34  10:06  Drone  
  28  10:13  Drone, Overlord  
Tags
 
Add a new tag
Caveats
  • Supply blocks, unpowered buildings, or Contaminate may cause inaccurate times.
  • Supply counts are checked every 10 seconds.